 Dungeon Crawl Stone Soup version 0.28.0 (webtiles) character file.

Game seed: 2717924830428461577

701 SnakkuSnakku7 the Cleaver (level 7, 0/67 HPs)
             Began as a Hill Orc Fighter on Feb 17, 2022.
             Slain by an ogre (14 damage)
             ... on level 5 of the Dungeon.
             The game lasted 00:05:31 (3627 turns).

SnakkuSnakku7 the Cleaver (Hill Orc Fighter)        Turns: 3627, Time: 00:05:33

Health: 0/67       AC: 10    Str: 21    XL:     7   Next: 66%
Magic:  7/7        EV:  7    Int:  8    God:
Gold:   35         SH:  4    Dex: 10    Spells: 6/6 levels left

rFire   . . .      SeeInvis .   b - +2 dagger (venom)
rCold   . . .      Faith    .   c - +0 buckler
rNeg    + . .      Spirit   .   n - +0 chain mail
rPois   .          Reflect  .   (no helmet)
rElec   .          Harm     .   k - +0 cloak
rCorr   .          Rampage  .   (no gloves)
Will    .....                   (no boots)
Stlth   ..........              (no amulet)
HPRegen 0.21/turn               e - ring of positive energy
MPRegen 0.10/turn               (no ring)

@: no status effects
A: no striking features
a: no special abilities


You were on level 5 of the Dungeon.
You visited 1 branch of the dungeon, and saw 5 of its levels.

You collected 179 gold pieces.
You spent 144 gold pieces at shops.

Inventory:

Hand Weapons
 a - a +0 war axe
 b - a +2 dagger of venom (weapon)
Missiles
 m - 12 poisoned darts (quivered)
Armour
 c - a +0 buckler (worn)
 k - a +0 cloak (worn)
 n - a +0 chain mail (worn)
 s - a +0 scale mail
Jewellery
 e - a ring of positive energy (left hand)
Wands
 r - a wand of flame (19)
Scrolls
 f - a scroll of magic mapping
 g - a scroll of vulnerability {unknown}
 h - 3 scrolls of teleportation
 i - a scroll of immolation {unknown}
 j - a scroll of summoning {unknown}
 o - a scroll of enchant weapon {unknown}
 p - a scroll of fear
 q - a scroll of holy word
Potions
 d - a potion of might
 l - a potion of haste
 t - a potion of lignification
 u - a potion of resistance {unknown}


   Skills:
 + Level 7.8 Fighting
 + Level 8.0 Axes
 - Level 3.2 Armour
 - Level 3.2 Shields


You had 6 spell levels left.
You didn't know any spells.
Your spell library contained the following spells:

 Spells                   Type           Power      Damage    Failure   Level
 Beastly Appendage        Tmut           0%         N/A       99%         1
 Blink                    Tloc           0%         N/A       100%        2
 Wereblood                Tmut           0%         N/A       100%        2
 Lesser Beckoning         Tloc           0%         N/A       100%        3
 Spider Form              Tmut/Pois      0%         N/A       100%        3
 Irradiate                Conj/Tmut      0%         3d14      100%        5
 Manifold Assault         Tloc           0%         N/A       100%        5
 Dragon Form              Tmut           0%         N/A       100%        7


Dungeon Overview and Level Annotations

Branches:
Dungeon (5/15)
 Temple: D:4-7

Altars:
Ashenzari
Trog
Zin

Shops:
D:1 *!(   D:5 =

Annotations:
D:3 Dig


Message History

You throw a poisoned dart. The poisoned dart hits the ogre.
An orc wizard appears from thin air!
Reactivating autopickup.
Throw: 13 darts (poison)
Press: ? - help, Q - select action, (/) - cycle Shift-Dir - straight line, f/p - ogre
Aim: an ogre, wielding a +0 giant spiked club (74% to hit)
You throw a poisoned dart. The poisoned dart hits the orc wizard.
The orc wizard is poisoned.
The orc wizard is severely wounded.
The orc wizard gestures at you while chanting.
You resist with some effort.
You barely miss the orc wizard.
The orc wizard is severely wounded.
The orc wizard hits you but does no damage.
Your +2 dagger of venom begins to drip with poison!
b - a +2 dagger of venom (weapon)
The orc wizard hits you but does no damage.
You closely miss the orc wizard.
The orc wizard is almost dead.
The orc wizard gestures at you while chanting.
The magic dart hits you.
You closely miss the orc wizard.
The orc wizard is almost dead.
The orc wizard hits you but does no damage.
You closely miss the orc wizard.
The orc wizard is almost dead.
You kill the orc wizard!
Your Axes skill increases to level 8!
You hit the ogre.
The ogre is poisoned.
The ogre is lightly wounded.
The ogre hits you with a +0 giant spiked club!!
You hit the ogre.
The ogre looks as sick as possible!
The ogre is moderately wounded.
You hit the ogre.
The ogre looks as sick as possible!
The ogre is moderately wounded.
The ogre hits you with a +0 giant spiked club!!
* * * LOW HITPOINT WARNING * * *
There is a stone staircase leading down here.
The ogre hits you with a +0 giant spiked club!
You die...

......##.............. .#
.########.##.#######.# ...
.######........##....#....
.##...###..[....#.##.#....
.##._.###..#.#..#........
)##...#....#(.(......#
.##'''#.##.#.#..#....#
..#...#.##.#)#..#....###
..'.♣.'.##...#..@......#
..'.♣.'......#...O.#.#.#
..'.♣.'......#####.#.#.#
###...#......# #....<#.# ..
..#'''#.....>###.#'#.#.# ...
..#...####...........#.#....
..#._.# ###.###............
..#...# ##.......:........
..##### #.........)...##+#


You could see an ogre (very poisoned).

Vanquished Creatures
  Eustachio (D:4)
  A black bear (D:4)
  An ogre (D:5)
  A howler monkey (D:4)
  2 hounds (D:5)
  A jelly (D:4)
  A bullfrog skeleton (D:5)
  3 orc wizards (D:5)
  Natasha (D:3)
  3 gnolls (D:4)
  An adder (D:5)
  An adder skeleton (D:4)
  3 dart slugs
  8 orcs
  6 ball pythons
  3 bats
  8 endoplasms
  2 giant cockroaches
  6 hobgoblins
  7 kobolds
  6 quokkas
  2 frilled lizards
  10 goblins
  4 rats
82 creatures vanquished.

Notes
Turn   | Place    | Note
-------+----------+-------------------------------------------
     0 | D:1      | SnakkuSnakku7 the Hill Orc Fighter began the quest for the
                  | Orb.
     0 | D:1      | Reached XP level 1. HP: 19/19 MP: 1/1
   133 | D:1      | Reached skill level 3 in Axes
   139 | D:1      | Reached XP level 2. HP: 19/27 MP: 2/2
   142 | D:1      | Found Fok Umou's Distillery.
   149 | D:1      | Found Ycepn's Antique Weapon Boutique.
   166 | D:1      | Found Momaphaj's General Store.
   180 | D:1      | Bought a scroll of noise for 14 gold pieces
   232 | D:1      | Got Ekaxis's Compendium of Changing and the Compass
   744 | D:2      | Reached XP level 3. HP: 34/34 MP: 3/3
  1157 | D:2      | Reached skill level 4 in Axes
  1955 | D:3      | Reached XP level 4. HP: 36/41 MP: 4/4
  1995 | D:3      | Noticed Natasha
  2000 | D:3      | Killed Natasha
  2001 | D:3      | Reached skill level 5 in Fighting
  2027 | D:3      | Found a broken altar of Ashenzari.
  2177 | D:3      | Found a faded altar of an unknown god.
  2502 | D:4      | Reached skill level 5 in Axes
  2502 | D:4      | Reached XP level 5. HP: 39/48 MP: 5/5
  2932 | D:5      | Entered Level 5 of the Dungeon
  2947 | D:5      | Reached skill level 6 in Axes
  2947 | D:5      | Reached XP level 6. HP: 41/57 MP: 6/6
  3181 | D:5      | Found Yvvolusmu's Jewellery Boutique.
  3185 | D:5      | Noticed Eustachio
  3186 | D:5      | Noticed a black bear
  3208 | D:4      | Killed a black bear
  3209 | D:4      | Reached skill level 7 in Axes
  3303 | D:4      | Killed Eustachio
  3304 | D:4      | Reached XP level 7. HP: 42/66 MP: 7/7
  3332 | D:5      | Found a bloodstained altar of Trog.
  3342 | D:5      | Found a glowing silver altar of Zin.
  3410 | D:1      | Bought a potion of haste for 100 gold pieces
  3410 | D:1      | Bought a potion of lignification for 30 gold pieces
  3613 | D:5      | Reached skill level 8 in Axes
  3627 | D:5      | Slain by an ogre

Illustrated notes

Levels and vault maps discovered:
D:1:      dpeg_arrival_stone_temple_mockup, layout_loops_ring, serial_shops,
          nicolae_shop_hallway_plus, shop, nicolae_diamond_shop
D:2:      layout_loops_corners, minmay_split_cup_large
D:3:      layout_basic, cheibrodos_ashenzari_chains,
          shapermc_ecumenical_altar_hornbeckon, minmay_surrounded, uniq_natasha
D:4:      layout_basic, serial_glass, glass_columns_b, glass_columns_a,
          serial_bayou_pond_c
D:5:      layout_basic, mainiacjoe_overflow_big_doors, serial_shops,
          nicolae_shop_crystal, uniq_eustachio

Skill      XL: |  1  2  3  4  5  6  7 |
---------------+----------------------+-----
Axes           | 3 4 5 6 7 8 |  8.0
Fighting       | 4 5 6 7 |  7.8
Armour         | |  3.2
Shields        | |  3.2

Action                   |  1- 3 |  4- 6 |  7- 9 || total
-------------------------+-------+-------+-------++-------
Melee: War axe           |   128 |    97 |    17 ||   242
       Dagger            |       |     4 |     6 ||    10
Throw: Dart              |       |       |     7 ||     7
  Use: Scroll            |       |     5 |       ||     5
Armor: Scale mail        |    67 |     7 |       ||    74
       Chain mail        |       |    62 |    21 ||    83
Dodge: Dodged            |    58 |    42 |     5 ||   105
Block: Buckler           |    32 |    28 |     2 ||    62
